AoeStats
← OfFspRlNg

MegaRandom

506267795Analyzed
4v4 RM · 20d ago on Sep 13, 2026· 57m 42s· 8 players
Game mode
Random Map
Map size
Large (8 player)
Population
200
Speed
Normal
Resources
Standard
Victory
Conquest
Starting age
Dark Age
Ending age
Imperial Age
RankedLock teamsTeams togetherTeam positionsShared explorationLock speedFull tech treeHidden civsTurbo modeCheats
Victory
Defeat
🇵🇹 Malay · Portugal
1276
+13
🇺🇸 Turks · United States
1273
+13
🇲🇽 Portuguese · Mexico
1249
+14
🇩🇪 Goths · Germany
1243
+14
🇹🇷 Gurjaras · Türkiye
1245
-15
🇨🇳 Inca · China
1221
-14
🇺🇸 Celts · United States
1198
-13
🇺🇸 Japanese · United States
1179
-12
MA
5:33 Loom
9:24 Feudal Age
10:08 Double-Bit Axe
10:19 Horse Collar
16:31 Forging
17:43 Scale Barding Armor
20:49 Wheelbarrow
23:05 Castle Age
21:53 Bloodlines
24:46 Chain Barding Armor
25:01 Iron Casting
24:28 Husbandry
24:49 Hand Cart
26:55 Bow Saw
30:22 Heavy Plow
30:13 Stone Mining
30:14 Gold Mining
44:05 Imperial Age
44:34 Town Watch
44:58 Elite Shrivamsha Rider
46:40 Plate Barding Armor
45:57 Heavy Camel Rider
53:14 Conscription
53:02 Scale Mail Armor
54:42 Frontier Guards
56:16 Ballistics
56:14 Chain Mail Armor
56:32 Light Cavalry
秋意凛
11:02 Feudal Age
11:47 Double-Bit Axe
12:11 Champi Runner
13:44 Scale Mail Armor
17:22 Forging
20:25 Loom
26:13 Castle Age
24:09 Horse Collar
25:39 Stone Mining
25:44 Gold Mining
27:33 Bow Saw
28:55 Heavy Plow
29:34 Wheelbarrow
33:34 Imperial Age
35:23 Crop Rotation
41:04 Hand Cart
43:33 Fletching
46:32 Chain Mail Armor
47:57 Iron Casting
48:49 Plate Mail Armor
50:22 Fabric Shields
50:43 Conscription
52:00 Blast Furnace
51:23 Conscription
52:15 Elite Kamayuk
ShadedKnight
11:53 Feudal Age
15:45 Castle Age
17:24 Double-Bit Axe
18:47 Bow Saw
19:48 Fletching
23:23 Horse Collar
23:41 Loom
23:52 Gold Mining
26:42 Wheelbarrow
27:15 Scale Mail Armor
28:09 Stone Mining
30:43 Forging
31:56 Elite Skirmisher
33:22 Bodkin Arrow
35:00 Hand Cart
37:22 Ballistics
37:07 Murder Holes
37:36 Ballistics
40:49 Chain Mail Armor
41:10 Iron Casting
50:18 Imperial Age
48:38 Gold Shaft Mining
48:36 Squires
48:22 Arson
48:46 Treadmill Crane
52:58 Imperial Age
OfFspRlNg
7:48 Loom
10:36 Feudal Age
11:22 Double-Bit Axe
11:57 Horse Collar
15:21 Fletching
23:52 Castle Age
38:24 Bow Saw
39:39 Pikeman
41:18 Arson
42:19 Scale Mail Armor
44:05 Chain Mail Armor
48:59 Forging
Deagle25
7:59 Loom
10:19 Feudal Age
13:22 Wheelbarrow
12:27 Man-at-Arms
13:49 Town Watch
21:39 Fletching
25:44 Castle Age
24:51 Horse Collar
25:46 Crossbowman
26:23 Bodkin Arrow
27:02 Squires
28:27 Hand Cart
30:21 Ballistics
31:35 Long Swordsman
36:03 Pikeman
36:56 Forging
36:46 Scale Mail Armor
36:47 Padded Archer Armor
37:59 Double-Bit Axe
38:18 Heavy Plow
38:12 Fishing Lines
41:47 Imperial Age
40:52 Chain Mail Armor
41:13 Iron Casting
43:33 Chemistry
49:03 Blast Furnace
49:26 Halberdier
1of4kind
6:08 Loom
9:34 Feudal Age
12:59 Horse Collar
13:43 Scale Barding Armor
18:49 Forging
23:04 Castle Age
22:48 Husbandry
22:10 Light Cavalry
26:22 Fletching
28:43 Heavy Plow
28:54 Bodkin Arrow
29:49 Double-Bit Axe
31:27 Town Watch
32:53 Bow Saw
32:56 Gold Mining
36:34 Wheelbarrow
40:04 Hand Cart
41:59 Iron Casting
44:07 Imperial Age
43:31 Gold Shaft Mining
42:47 Stone Mining
45:04 Crop Rotation
45:35 Conscription
48:44 Ballistics
49:25 Chemistry
48:36 Masonry
54:08 Elite Battle Elephant
57:43 Stone Shaft Mining
58:13 Blast Furnace
Speed_of_Anarchy
5:40 Loom
10:35 Feudal Age
12:15 Double-Bit Axe
12:14 Horse Collar
20:47 Forging
21:19 Scale Barding Armor
24:52 Bloodlines
29:53 Castle Age
28:40 Wheelbarrow
28:54 Fletching
30:54 Husbandry
32:22 Gold Mining
37:24 Heavy Plow
37:38 Bow Saw
38:19 Hand Cart
37:49 Town Watch
39:13 Chain Barding Armor
39:28 Iron Casting
39:16 Town Patrol
39:43 Bodkin Arrow
41:32 Padded Archer Armor
44:16 Imperial Age
42:26 Ballistics
42:56 Thumb Ring
47:12 Caravan
48:13 Gold Shaft Mining
47:31 Stone Mining
48:48 Leather Archer Armor
batbeetch
7:02 Loom
11:13 Feudal Age
12:08 Double-Bit Axe
15:28 Fletching
15:31 Fishing Lines
17:34 Padded Archer Armor
17:48 Horse Collar
19:36 Town Watch
21:26 Wheelbarrow
21:29 Gold Mining
25:28 Castle Age
25:29 Crossbowman
26:15 Thumb Ring
26:06 Bodkin Arrow
27:26 Leather Archer Armor
27:37 Bow Saw
27:19 Stone Mining
29:20 Heavy Plow
31:34 Ballistics
31:58 Town Patrol
34:18 Hand Cart
34:21 Treadmill Crane
40:53 Imperial Age
40:56 Arbalester
41:37 Bracer
42:50 Chemistry
42:39 Caravan
43:41 Conscription
44:45 Two-Man Saw
44:17 Crop Rotation
44:24 Stone Shaft Mining
44:53 Ring Archer Armor
45:04 Arquebus
46:45 Siege Engineers
46:53 Masonry
48:19 Elite Organ Gun
52:24 Architecture
51:50 Murder Holes
57:12 Circumnavigation
Connection lost

Rejoining the realm…

Still unreachable

The connection could not be restored.

Session expired

The server has moved on; the page needs a fresh start.